 Dungeon Crawl Stone Soup version 0.28-a0-653-g7e9dba17c3 (webtiles) character file.

Game seed: 12623997549494464176

3019 ytrimaz the Basher (level 9, -19/81 HPs)
             Began as a Minotaur Berserker on Oct 11, 2021.
             Was an Elder of Trog.
             Demolished by a gnoll sergeant (20 damage)
             ... on level 6 of the Dungeon.
             The game lasted 00:07:40 (6585 turns).

ytrimaz the Basher (Minotaur Berserker)             Turns: 6585, Time: 00:07:41

Health: -19/81     AC: 18    Str: 25    XL:     9   Next: 55%
Magic:  8/8        EV:  8    Int:  4    God:    Trog [****..]
Gold:   338        SH:  0    Dex: 16    Spells: 8/8 levels left

rFire   . . .      SeeInvis .   g - +1 mace (venom)
rCold   . . .      Faith    .   (no shield)
rNeg    . . .      Spirit   .   k - +0 plate armour
rPois   .          Reflect  .   (helmet restricted)
rElec   .          Harm     .   d - +0 cloak
rCorr   .          Rampage  .   (no gloves)
Will    .....                   (no boots)
Stlth   ..........              m - amulet of regeneration
HPRegen 0.00/turn               l - +6 ring of dexterity
MPRegen 0.11/turn               b - +4 ring of protection

@: on berserk cooldown, mildly diseased, slowed, very slow
A: horns 2, retaliatory headbutt
a: Renounce Religion, Berserk, Trog's Hand, Brothers in Arms


You were on level 6 of the Dungeon.
You worshipped Trog.
Trog was greatly pleased with you.
You visited 1 branch of the dungeon, and saw 7 of its levels.

You collected 338 gold pieces.

Inventory:

Hand Weapons
 a - a +0 vorpal hand axe
 g - a +1 mace of venom (weapon)
 h - a +2 flail of freezing
Missiles
 t - a throwing net (quivered)
Armour
 c - the +5 ring mail of Spite {Fly Will- Dex+4}
   (You found it on level 4 of the Dungeon)

   Dex:       It affects your dexterity (+4).
   Fly:       It grants you flight.
   Will:      It decreases your willpower.
 d - a +0 cloak (worn)
 k - a +0 plate armour (worn)
Jewellery
 b - a +4 ring of protection (right hand)
 l - a +6 ring of dexterity (left hand)
 m - an amulet of regeneration (around neck)
Wands
 i - a wand of flame (26)
 n - a wand of paralysis (11)
 r - a wand of digging (6)
Scrolls
 j - a scroll of brand weapon
 p - a scroll of fear
 u - 3 scrolls of identify
 v - a scroll of teleportation {unknown}
 w - a scroll of enchant weapon
Potions
 e - 2 potions of curing
 f - 2 potions of might {unknown}
 o - a potion of ambrosia {unknown}
 q - a potion of resistance {unknown}
 s - a potion of haste {unknown}


   Skills:
 + Level 8.0 Fighting
 - Level 4.8(8.9) Axes
 * Level 11.6(12.0) Maces & Flails
 + Level 7.9 Armour
 - Level 2.1 Dodging


You had 8 spell levels left.
You didn't know any spells.
Your spell library was empty.

Dungeon Overview and Level Annotations

Branches:
Dungeon (7/15)             Temple (0/1) D:4

Altars:
Elyvilon

Portals:
Abyss: D:6

Annotations:
D:6 1 transporter, siradein's ghost, novice TrTm


Innate Abilities, Weirdness & Mutations

You have a pair of horns on your head.
You reflexively headbutt those who attack you in melee.


Message History

Trog accepts your kill.
Your Fighting skill increases to level 8!
Unknown command.
You feel a strong urge to attack something.
You start resting.
You are no longer berserk.
You are exhausted.
You feel yourself slow down.
You start resting.
A gnoll sergeant is nearby!
A gnoll sergeant is nearby!
The gnoll sergeant shouts!
A gnoll sergeant is nearby!
The gnoll sergeant enters a dispersal trap!
You blink.
Unknown command.
The small abomination hits you!
The small abomination hits you but does no damage.
You see here a +0 cloak.
Okay, then.
You hit the small abomination.
Your headbutt misses the small abomination.
The small abomination is lightly damaged.
The small abomination hits you!
* * * LOW HITPOINT WARNING * * *
The gnoll sergeant hits you but does no damage.
Space bends around you.
* * * LOW HITPOINT WARNING * * *
You fail to use your ability.
The small abomination hits you but does no damage. x2
The gnoll sergeant closely misses you.
Unknown command.
You fail to use your ability.
The small abomination hits you.
* * * LOW HITPOINT WARNING * * *
The gnoll sergeant closely misses you. The small abomination hits you!
* * * LOW HITPOINT WARNING * * *
The gnoll sergeant hits you from afar with a +1 spear of distortion.
* * * LOW HITPOINT WARNING * * *
Space warps horribly around you!!
You die...

#...###...............##....##
#............................#
#.................[..........#
#...............##...........#
#..............####....###....
#...........####.###..##W#....
#.....##...##...#..#©.#..#....
#.....##...#..######..##.##...
###.....##...##@#.###...##..#...
#.....####....##x.#....##...#...
#.............###g##.### ..##...
#............##..#.###:..###.?..
#............#..#.#.©.#..#......
#............##?.####.##.##.....
###...........##§^g.(..∩. ##....
#......##....#.#..####.# ##...
#########...##...##..# .#.#...


You could see a small abomination and a gnoll sergeant.

Vanquished Creatures
  An ugly thing (D:6)
  Joseph (D:7)
  A gargoyle (D:7)
  An ancient zyme (D:6)
  Duvessa (D:6)
  A water moccasin (D:7)
  2 orc warriors (D:7)
  A necrophage (D:5)
  A small abomination (D:6)
  2 phantoms
  A bullfrog (D:7)
  A water moccasin zombie (D:5)
  A wyvern skeleton (D:4)
  Dowan (D:6)
  2 water moccasin skeletons
  3 wights (D:7)
  A centaur zombie (D:5)
  A jelly (D:7)
  2 hounds
  2 centaur skeletons (D:4)
  A gnoll shaman (D:6)
  Terence (D:2)
  3 iguanas
  An orc wizard (D:4)
  Ijyb (D:3)
  A hound skeleton (D:5)
  2 howler monkey skeletons
  5 gnolls
  4 adders
  A shadow imp (D:5)
  2 white imps
  An ufetubus (D:6)
  An adder skeleton (D:4)
  2 worms
  6 dart slugs
  13 orcs
  3 bats
  6 endoplasms
  2 giant cockroaches
  10 goblins
  9 hobgoblins
  11 jackals
  6 quokkas
  6 ball pythons
  5 frilled lizards
  A jackal skeleton (D:4)
  3 kobolds
  6 rats
140 creatures vanquished.

Notes
Turn   | Place    | Note
-------+----------+-------------------------------------------
     0 | D:1      | ytrimaz the Minotaur Berserker began the quest for the Orb.
     0 | D:1      | Reached XP level 1. HP: 19/19 MP: 0/0
   353 | D:1      | Reached XP level 2. HP: 25/27 MP: 1/1
   645 | D:1      | Reached XP level 3. HP: 27/33 MP: 2/2
   810 | D:1      | Reached ** piety under Trog
  1290 | D:2      | Noticed Terence
  1297 | D:2      | Killed Terence
  1298 | D:2      | Reached XP level 4. HP: 41/41 MP: 3/3
  1632 | D:2      | Found a faded altar of an unknown god.
  1718 | D:2      | Reached skill level 5 in Fighting
  1723 | D:2      | Noticed a phantom
  1730 | D:2      | Killed a phantom
  1731 | D:2      | Reached skill level 1 in Maces & Flails
  1731 | D:2      | Reached XP level 5. HP: 42/48 MP: 4/4
  1901 | D:2      | Reached skill level 2 in Maces & Flails
  2423 | D:3      | Noticed Ijyb
  2431 | D:3      | Killed Ijyb
  2431 | D:3      | Reached *** piety under Trog
  2702 | D:3      | Reached skill level 3 in Maces & Flails
  3209 | D:4      | Reached XP level 6. HP: 57/57 MP: 5/5
  3229 | D:4      | Reached skill level 4 in Maces & Flails
  3344 | D:4      | Found a staircase to the Ecumenical Temple.
  3613 | D:4      | Identified the +5 ring mail of Spite {Fly Will- Dex+4}
  3803 | D:5      | Entered Level 5 of the Dungeon
  3810 | D:5      | Reached skill level 5 in Maces & Flails
  3947 | D:5      | Reached XP level 7. HP: 53/63 MP: 6/6
  3951 | D:5      | Reached skill level 6 in Maces & Flails
  4330 | D:5      | Found a white marble altar of Elyvilon.
  4413 | D:5      | Reached skill level 7 in Maces & Flails
  4447 | D:5      | You fall into a shaft and drop 2 floors!
  4503 | D:7      | Reached **** piety under Trog
  4504 | D:7      | Reached skill level 5 in Armour
  4510 | D:7      | Reached skill level 8 in Maces & Flails
  4510 | D:7      | Reached XP level 8. HP: 55/71 MP: 7/7
  4872 | D:7      | Noticed a gargoyle
  4890 | D:7      | Killed a gargoyle
  4891 | D:7      | Reached skill level 9 in Maces & Flails
  5274 | D:7      | Noticed Joseph
  5295 | D:7      | Killed Joseph
  5296 | D:7      | Reached skill level 10 in Maces & Flails
  5433 | D:7      | Reached XP level 9. HP: 77/77 MP: 8/8
  5623 | D:6      | Noticed Duvessa
  5623 | D:6      | Noticed Dowan
  5631 | D:6      | Killed Duvessa
  5634 | D:6      | Killed Dowan
  5671 | D:6      | Noticed a white ugly thing
  5673 | D:6      | Noticed siradein's ghost (novice TrTm)
  5678 | D:6      | Found a transporter.
  5684 | D:6      | Found a one-way gate to the infinite horrors of the Abyss.
  5684 | D:6      | Noticed an ancient zyme
  5710 | D:6      | Found a transporter.
  6564 | D:6      | Killed a white ugly thing
  6565 | D:6      | Reached skill level 11 in Maces & Flails
  6568 | D:6      | Killed an ancient zyme
  6585 | D:6      | HP: 3/81 [small abomination (7)]
  6585 | D:6      | HP: 1/81 [gnoll sergeant (2)]
  6585 | D:6      | Demolished by a gnoll sergeant

Illustrated notes

Levels and vault maps discovered:
D:1:      dpeg_arrival_refuge, layout_basic, chequers_serial_rivers_micro_a,
          st_stairs_9
D:2:      layout_basic, shapermc_ecumenical_altar_mp_highgroup,
          kennysheep_generic_room_10, uniq_terence
D:3:      kennysheep_goblin_castle, layout_loops_ring
D:4:      layout_basic, minmay_temple_entry_drinking_statues
D:5:      layout_loops_cross, nicolae_overflow_crystal_walls,
          hangedman_decor_slide_cut
D:6:      layout_basic, gammafunk_ghost_abyssal_escape, uniq_duvessa
D:7:      layout_basic, uniq_joseph

Skill      XL: |  1  2  3  4  5  6  7  8  9 |
---------------+----------------------------+-----
Fighting       | 4 5 6 7 8 |  8.0
Axes           | 4 |  4.8
Armour         | 3 4 5 6 7 |  7.9
Maces & Flails | 1 3 5 8 10 11 | 11.6
Dodging        | |  2.1

Action                   |  1- 3 |  4- 6 |  7- 9 || total
-------------------------+-------+-------+-------++-------
Melee: Hand axe          |    48 |     2 |       ||    50
       Headbutt          |    12 |    27 |    40 ||    79
       Mace              |       |   119 |   125 ||   244
       Flail             |       |       |    28 ||    28
Invok: Berserk           |     1 |       |     3 ||     4
  Use: Scroll            |     1 |     7 |     3 ||    11
Armor: Animal skin       |     4 |     1 |       ||     5
       Chain mail        |       |    79 |    21 ||   100
       Ring mail         |       |    11 |     5 ||    16
       Plate armour      |       |       |    43 ||    43
Dodge: Dodged            |    39 |    80 |    69 ||   188

Table legend: (Time is in decaauts)
 A = Elapsed time spent in this place.
 B = Non-inter-level travel time spent in this place.
 C = Inter-level travel time spent in this place.
 D = Time resting spent in this place.
 E = Time spent auto-exploring this place.
 F = Levels seen in this place.
 G = Mean time per level.
                   A        B        C        D        E       F      G
               +--------+--------+--------+--------+--------+-----+--------+
         Total |   6628 |   6425 |    203 |    479 |   4732 |   7 |  946.9 |
       Dungeon |   6628 |   6425 |    203 |    479 |   4732 |   7 |  946.9 |
               +--------+--------+--------+--------+--------+-----+--------+

Top non-repeatable levels by time:
     D:7: 1158 daAuts
     D:1: 1138 daAuts
     D:3: 1037 daAuts
     D:2: 911 daAuts
     D:5: 834 daAuts
     D:6: 796 daAuts
     D:4: 751 daAuts
